 Dungeon Crawl Stone Soup version 0.31.0-32-g396128a36d (webtiles) character file.

Game seed: 16640451487245357617

79 aloneDruid the Sneak (level 4, -1/33 HPs)
             Began as a Vampire Brigand on Apr 11, 2024.
             Slain by a gnoll
             ... wielding a +0 spear
              (3 damage)
             ... on level 3 of the Dungeon.
             The game lasted 00:03:46 (1852 turns).

aloneDruid the Sneak (Vampire Brigand)              Turns: 1852, Time: 00:03:47

Health: -1/33      AC:  6    Str: 12    XL:     4   Next: 17%
Magic:  4/4        EV: 10    Int: 13    God:
Gold:   153        SH:  0    Dex: 15    Spells: 3/3 levels left

rFire   . . .        a - +2 dagger (elec)
rCold   + . .        (no shield)
rNeg    . . .        q - +0 ring mail
rPois   .            (no helmet)
rElec   .            c - +0 cloak
rCorr   .            (no gloves)
SInv    +            (no boots)
Will    .....        (no amulet)
Stlth   +++          g - ring of protection from cold
HPRegen 0.45/turn    (no ring)
MPRegen 0.09/turn

%: no passive effects
@: healing quickly
A: alive, fangs 3, see invisible, vampiric 2
a: Exsanguinate


You were on level 3 of the Dungeon.
You visited 1 branch of the dungeon, and saw 3 of its levels.

You collected 153 gold pieces.


Innate Abilities, Weirdness & Mutations

Your natural rate of healing is accelerated.
You have razor-sharp teeth.
You have supernaturally acute eyesight. (SInv)
You are afflicted with vampirism and can become a bat while bloodless.


   Skills:
 + Level 1.9 Fighting
 * Level 3.2 Short Blades
 + Level 1.6 Throwing
 + Level 0.6 Armour
 + Level 1.2 Dodging
 + Level 7.4 Stealth


You had 3 spell levels left.
You didn't know any spells.
Your spell library contained the following spells:

 Spells                   Type           Power      Damage    Failure   Level
 Inner Flame              Hex/Fire       0%         N/A       91%         3
 Irradiate                Conj/Alch      0%         3d11      100%        5
 Ignition                 Fire           0%         3d3       100%        8

Inventory:

Hand Weapons
 a - a +2 dagger of electrocution (weapon)
   (You took it off a kobold on level 1 of the Dungeon)
Missiles
 d - 9 poisoned darts (quivered)
 e - 3 curare-tipped darts {=f}
 f - 2 boomerangs
Armour
 c - a +0 cloak (worn)
 q - a +0 ring mail (worn)
   (You found it on level 2 of the Dungeon)
Jewellery
 g - a ring of protection from cold (left hand)
   (You found it on level 1 of the Dungeon)
Wands
 b - a wand of charming (4)
   (You found it on level 2 of the Dungeon)
Scrolls
 h - 3 scrolls of identify {unknown}
 i - a scroll of fog {unknown}
 j - a scroll of revelation {unknown}
 l - a scroll of noise {unknown}
 p - a scroll of summoning {unknown}
Potions
 k - 4 potions of curing {unknown}
 m - 2 potions of berserk rage {unknown}
 o - a potion of invisibility {unknown}

Dungeon Overview and Level Annotations

Branches:
Dungeon (3/15) Zot: 16165

Altars:

.........#.#..
.........#.#.
.......[.#.^
...>.......#
.....?.....#
...........#
...........####^
........@.......
......)r)##.##..
###...ggg..
#......###
#.....g#
#......#
#..../.#
#......#


You could see 3 gnolls, a friendly gnoll (charmed) and a friendly rat (charmed).


Message History

There is a stone staircase leading down here.
A bat comes into view.
The bat completely misses you. The bat hits you. 😕 HP[-1]
You take 1 damage, and now have 32/33 hp.
You barely miss the bat. You bite the bat.
You kill the bat!
No target in view!
No target in view!
No target in view!
No target in view!
No target in view!
No target in view!
You see here a bat corpse.
You see here a bat corpse.
There is an open door here.
Done exploring. 😎 HP[+1]
Your hp is fully restored (33).
Done exploring.
Search for what [Enter for "."]? .
You open the door.
There is an open door here.
There is an escape hatch in the floor here.
There is a stone staircase leading down here.
You climb downwards.
The gnoll shouts!
You hear a loud squeak.
A rat comes into view.
Found four items.
Found an escape hatch in the floor.
There is a stone staircase leading up here.
Aiming: Charm
Press: ? - help, Shift-Dir - straight line, f - gnoll
Aim: a gnoll, wielding a +0 spear and quivering a throwing net (wandering, hasn't noticed you, chance to affect: 57%)
The gnoll resists with significant effort.
The orc shouts!
The gnoll shouts!
A gnoll comes into view. It is wielding a +0 halberd.
Aiming: Charm
Press: ? - help, Shift-Dir - straight line, p - gnoll You can't see that place.
Okay, then.
Unknown command.
Aiming: Charm
Press: ? - help, Shift-Dir - straight line, f/p - gnoll
Aim: a gnoll, wielding a +0 spear and quivering a throwing net (chance to affect: 57%)
The gnoll is charmed.
The gnoll shouts!
Aiming: Charm
Press: ? - help, Shift-Dir - straight line, f/p - gnoll
Aim: a gnoll, wielding a +0 spear and quivering a throwing net (chance to affect: 57%)
Okay, then.
You hit the rat.
You kill the rat!
The gnoll barely misses your gnoll.
The gnoll throws a throwing net.
The throwing net hits your gnoll.
Your gnoll is caught in the net!
Your gnoll struggles against the net.
Your gnoll struggles against the net.
Your gnoll struggles against the net.
There is a stone staircase leading up here.
Aiming: Charm
Press: ? - help, Shift-Dir - straight line, f - gnoll, p - gnoll
Aim: a gnoll, wielding a +0 halberd (chance to affect: 57%)
The gnoll resists with significant effort.
Your gnoll struggles against the net.
Aiming: Charm
Press: ? - help, Shift-Dir - straight line, p - gnoll The rat is charmed.
The orc barely misses you.
The gnoll hits you from afar with a +0 spear. x2
The gnoll barely misses you.
Your gnoll struggles against the net. 😮 HP[-9]
You take 9 damage, and now have 24/33 hp.
MASSIVE DAMAGE!! (PAUSE)
You swap places.
The orc hits you but does no damage.
The gnoll closely misses you. x2; The gnoll barely misses you.
Your gnoll struggles against the net.
The net rips apart, and your gnoll comes free!
You swap places.
The orc hits you but does no damage.
The gnoll hits you from afar with a +0 spear!
The gnoll hits you but does no damage.
The gnoll hits you from afar with a +0 spear.
* * * LOW HITPOINT WARNING * * *
Your gnoll barely misses the gnoll.
There is a stone staircase leading up, spattered with blood here. 😨 HP[-9]
You take 9 damage, and now have 15/33 hp.
MASSIVE DAMAGE!! (PAUSE)
You hit the orc. Lightning courses through the orc!
You kill the orc!
Your gnoll closely misses the gnoll.
The gnoll hits you from afar with a +0 spear.
* * * LOW HITPOINT WARNING * * *
The gnoll hits you but does no damage.
The gnoll hits you from afar with a +0 halberd!
* * * LOW HITPOINT WARNING * * *
😱 HP[-13]
You take 13 damage, and now have 2/33 hp.
MASSIVE DAMAGE!! (PAUSE)
Your rat barely misses the gnoll.
The gnoll hits you from afar with a +0 spear.
You die...

Skill      XL: |  1  2  3 |
---------------+----------+-----
Stealth        | 6 7 |  7.4
Short Blades   | 3 |  3.2
Fighting       | |  1.9
Throwing       | |  1.6
Armour         | |  0.6
Dodging        | |  1.2

Action                     |  1- 3 |  4- 6 || total
---------------------------+-------+-------++-------
  Melee: Dagger            |   124 |     3 ||   127
         Bite              |    11 |     1 ||    12
         Punch             |     2 |       ||     2
  Evoke: Wand              |       |     4 ||     4
   Stab: Sleeping          |    11 |       ||    11
 Armour: Robe              |     9 |       ||     9
         Leather armour    |    33 |       ||    33
         Ring mail         |     7 |    12 ||    19
  Dodge: Dodged            |    65 |     6 ||    71

Levels and vault maps discovered:
D:1:      minmay_arrival_four_houses, layout_loops_ring
D:2:      minmay_chambers_of_twos, layout_basic, columned_hall_lemuel
D:3:      layout_basic, lemuel_tele_altar, ebering_ecumenical_altar_ruins,
          uniq_sigmund

Notes
Turn   | Place    | Note
-------+----------+-------------------------------------------
     0 | D:1      | aloneDruid the Vampire Brigand began the quest for the Orb.
     0 | D:1      | Reached XP level 1. HP: 16/16 MP: 1/1
     0 | D:1      | magus.rc [v1.11.4]
    29 | D:1      | Reached skill level 6 in Stealth
   127 | D:1      | You pick up a book of Spontaneous Combustion and begin
                  | reading...
   127 | D:1      | You add the spells Inner Flame, Irradiate and Ignition to
                  | your library.
   144 | D:1      | Reached XP level 2. HP: 22/22 MP: 2/2
   657 | D:1      | Reached skill level 7 in Stealth
   840 | D:2      | Gained mutation: You are afflicted with vampirism and can
                  | become a bat while bloodless. [Vampire growth]
   840 | D:2      | Reached XP level 3. HP: 23/27 MP: 3/3
  1095 | D:2      | Reached skill level 3 in Short Blades
  1691 | D:2      | You fall into a shaft and drop 1 floor!
  1698 | D:3      | Reached XP level 4. HP: 33/33 MP: 4/4
  1851 | D:3      | HP: 2/33 [gnoll/+0 halberd (9)]
  1852 | D:3      | Slain by a gnoll

Vanquished Creatures
  2 adders
  6 dart slugs
  An orc (D:3)
  6 bats
  3 giant cockroaches (D:2)
  6 hobgoblins
  3 jackals (D:1)
  A quokka (D:2)
  8 ball pythons
  A frilled lizard (D:1)
  4 goblins
  3 kobolds
  4 rats
48 creatures vanquished.

Table legend:
 A = Non-vault XP
 B = Vault XP
 C = Vault XP percentage of total XP
 D = Non-vault monster count
 E = Vault monster count
 F = Vault count percentage of total count
                 A         B        C        D         E       F
            +---------+---------+-------+---------+---------+-------
      Total |     103 |      11 |   9.6 |      40 |       8 |  16.7
            +---------+---------+-------+---------+---------+-------
        D:1 |      39 |       0 |   0.0 |      20 |       0 |   0.0
        D:2 |      47 |      11 |  19.0 |      17 |       8 |  32.0
        D:3 |      17 |       0 |   0.0 |       3 |       0 |   0.0
            +---------+---------+-------+---------+---------+-------

Skill      XL: |  1  2  3 |
---------------+----------+-----
Stealth        | 6 7 |  7.4
Short Blades   | 3 |  3.2
Fighting       | |  1.9
Throwing       | |  1.6
Armour         | |  0.6
Dodging        | |  1.2

Action                     |  1- 3 |  4- 6 || total
---------------------------+-------+-------++-------
  Melee: Dagger            |   124 |     3 ||   127
         Bite              |    11 |     1 ||    12
         Punch             |     2 |       ||     2
  Evoke: Wand              |       |     4 ||     4
   Stab: Sleeping          |    11 |       ||    11
 Armour: Robe              |     9 |       ||     9
         Leather armour    |    33 |       ||    33
         Ring mail         |     7 |    12 ||    19
  Dodge: Dodged            |    65 |     6 ||    71

Illustrated notes

Table legend:
 A = Kills in this place as a percentage of kills in the entire game.
 B = Kills by you in this place as a percentage of kills by you in the entire game.
 C = Kills by friends in this place as a percentage of kills by friends in the entire game.
 D = Other kills in this place as a percentage of other kills in the entire game.
 E = Experience gained in this place as a percentage of experience gained in the entire game.
 F = Experience gained in this place divided by the number of levels of this place that you have seen.
                   A       B       C       D       E      F
               +-------+-------+-------+-------+-------+----------------------
         Total | 100.0 | 100.0 |   N/A |   N/A | 100.0 |  38.0
       Dungeon | 100.0 | 100.0 |   N/A |   N/A | 100.0 |  38.0
               +-------+-------+-------+-------+-------+----------------------

Table legend: (Time is in decaauts)
 A = Elapsed time spent in this place.
 B = Non-inter-level travel time spent in this place.
 C = Inter-level travel time spent in this place.
 D = Time resting spent in this place.
 E = Time spent auto-exploring this place.
 F = Levels seen in this place.
 G = Mean time per level.
                   A        B        C        D        E       F      G
               +--------+--------+--------+--------+--------+-----+--------+
         Total |   1834 |   1757 |     77 |      0 |   1406 |   3 |  611.3 |
       Dungeon |   1834 |   1757 |     77 |      0 |   1406 |   3 |  611.3 |
               +--------+--------+--------+--------+--------+-----+--------+

Top non-repeatable levels by time:
     D:2: 987 daAuts
     D:1: 823 daAuts
     D:3: 23 daAuts
